 Dungeon Crawl Stone Soup version 0.28-a0-653-g7e9dba17c3 (webtiles) character file.

Game seed: 13304408059257410042

39 Gargoyl the Ducker (level 3, -3/17 HPs)
             Began as a Felid Abyssal Knight on Oct 12, 2021.
             Was a Follower of Lugonu.
             Slain by Sigmund (13 damage)
             ... on level 2 of the Dungeon.
             The game lasted 00:02:05 (1981 turns).

Gargoyl the Ducker (Felid Abyssal Knight)           Turns: 1981, Time: 00:02:05

Health: -3/17      AC:  1    Str: 10    XL:     3   Next: 28%
Magic:  5/5        EV: 18    Int: 11    God:    Lugonu [*.....]
Gold:   16         SH:  0    Dex: 16    Spells: 2/2 levels left
                                        Lives:  0   Deaths: 0

rFire   . . .      SeeInvis +     - Unarmed
rCold   . . .      Faith    .   (shield unavailable)
rNeg    . . .      Spirit   .   (armour unavailable)
rPois   .          Reflect  .   (helmet unavailable)
rElec   .          Harm     .   (cloak unavailable)
rCorr   .          Rampage  .   (gloves unavailable)
Will    .....                   (boots unavailable)
Stlth   ++........              (no amulet)
HPRegen 0.05/turn               (no ring)
MPRegen 0.09/turn               (no ring)

@: quick
A: very small, claws 1, fangs 3, see invisible, speed 1, shaggy fur 1, stealthy
paws, no weapons or thrown items, no armour, multi-lived
a: Renounce Religion, Depart the Abyss


You were on level 2 of the Dungeon.
You worshipped Lugonu.
Lugonu was aware of your devotion.
You visited 1 branch of the dungeon, and saw 2 of its levels.
You visited the Abyss 1 time.

You collected 16 gold pieces.

Inventory:

Scrolls
 h - a scroll of identify
Potions
 a - a potion of heal wounds
 b - a potion of attraction {unknown}
 c - a potion of mutation {unknown}
 d - a potion of haste {unknown}
 e - a potion of flight {unknown}
 f - a potion of degeneration {unknown}
 g - a potion of cancellation {unknown}


   Skills:
 + Level 3.6 Fighting
 + Level 3.8 Dodging
 + Level 0.2 Stealth
 + Level 2.5 Unarmed Combat
 + Level 2.0 Invocations


You had 2 spell levels left.
You didn't know any spells.
Your spell library was empty.

Dungeon Overview and Level Annotations

Branches:
Dungeon (2/15)

Altars:

Annotations:
D:2 Sigmund


Innate Abilities, Weirdness & Mutations

You have sharp claws.
You have razor-sharp teeth.
You have supernaturally acute eyesight. (SInv)
You cover ground quickly. (Speed+)
You are covered in fur. (AC +1)
Your paws help you pounce on unaware monsters.
You are incapable of wielding weapons or throwing items.
You cannot wear armour.
You gain extra lives every three experience levels.


Message History

Lugonu accepts your kill.
You open the door. You open the door.
There is an open door here.
There is an open door here.
A goblin comes into view. It is wielding a +0 dagger.
A goblin is nearby!
A goblin is nearby!
You scratch the goblin.
The goblin is moderately wounded.
The goblin completely misses you.
You barely miss the goblin.
The goblin is moderately wounded.
The goblin hits you with a +0 dagger.
You closely miss the goblin.
The goblin is moderately wounded.
You barely miss the goblin. You bite the goblin.
You kill the goblin!
Lugonu accepts your kill.
Things that are here:
a +0 dagger; a goblin corpse Sigmund the Dreaded comes into view.
He is wielding a +0 scythe.
Found a book of Rime.
Sigmund is nearby!
Sigmund is nearby!
Okay, then.
Sigmund completely misses you.
You closely miss Sigmund. You barely miss Sigmund. You claw Sigmund.
Your bite misses Sigmund.
Sigmund is lightly wounded.
Sigmund drinks a potion.
Sigmund suddenly seems more resistant.
You barely miss Sigmund.
Sigmund is lightly wounded.
Sigmund points at you and mumbles some strange words.
The magic dart hits you!
You closely miss Sigmund.
Sigmund is lightly wounded.
Sigmund hits you with a +0 scythe!
Ouch! That really hurt!
You die...

##################
#..(.............#####
.......>.....)........
..#.###.######.#######
..#.##..#........#
..#......#.###.#.#
..#..........#.#@#
..#.##.......#.#@#
..#.##.......#...:
..#.##.......###.##
....##...†...# ...
.............# #.#
.##..........# #.#
..#..........# #.#
..#..........#


You could see Sigmund (resistant).

Vanquished Creatures
  A worm (D:1)
  4 ball pythons
  4 bats
  4 endoplasms (D:1)
  A giant cockroach (D:2)
  5 goblins
  A hobgoblin (D:1)
  3 jackals (D:1)
  2 kobolds (D:1)
  A quokka (D:1)
  4 frilled lizards
  3 rats
33 creatures vanquished.

Notes
Turn   | Place    | Note
-------+----------+-------------------------------------------
     0 | Abyss:1  | Gargoyl the Felid Abyssal Knight began the quest for the
                  | Orb.
     0 | Abyss:1  | Reached XP level 1. HP: 10/10 MP: 3/3
    39 | Abyss:1  | Noticed a large abomination
    39 | Abyss:1  | Noticed a tentacled starspawn
    40 | D:1      | Escaped the Abyss
   282 | D:1      | Reached XP level 2. HP: 14/14 MP: 4/4
   288 | D:1      | Reached * piety under Lugonu
  1027 | D:1      | Found a faded altar of an unknown god.
  1454 | D:2      | Reached XP level 3. HP: 17/17 MP: 5/5
  1975 | D:2      | Noticed Sigmund
  1981 | D:2      | Slain by Sigmund

Illustrated notes

Levels and vault maps discovered:
D:1:      dpeg_arrival_three_same_balls, layout_loops_cross,
          dreamdust_ecumenical_altar_angels_and_demons
D:2:      layout_basic, uniq_sigmund, uniq_natasha

Skill      XL: |  1 |
---------------+----+-----
Invocations    | 2 |  2.0
Fighting       | |  3.6
Dodging        | |  3.8
Stealth        | |  0.2
Unarmed Combat | |  2.5

Action                   || total
-------------------------++-------
Melee: Unarmed           ||    98
       Bite              ||     6
       Punch             ||     2
Invok: Depart the Abyss  ||     1
  Use: Scroll            ||     3
 Stab: Sleeping          ||     3
Armor: Skin              ||     2
Dodge: Dodged            ||    66

Table legend: (Time is in decaauts)
 A = Elapsed time spent in this place.
 B = Non-inter-level travel time spent in this place.
 C = Inter-level travel time spent in this place.
 D = Time resting spent in this place.
 E = Time spent auto-exploring this place.
 F = Levels seen in this place.
 G = Mean time per level.
                   A        B        C        D        E       F      G
               +--------+--------+--------+--------+--------+-----+--------+
         Total |   1797 |   1778 |     19 |    389 |   1120 |   3 |  599.0 |
       Dungeon |   1765 |   1746 |     19 |    389 |   1090 |   2 |  882.5 |
         Abyss |     32 |     32 |      0 |      0 |     30 |   1 |   32.0 |
               +--------+--------+--------+--------+--------+-----+--------+

Top non-repeatable levels by time:
     D:1: 1433 daAuts
     D:2: 331 daAuts
 Abyss:1: 32 daAuts
